 Dungeon Crawl Stone Soup version 0.29-a0-492-g10b964d8d7 (webtiles) character file.

Game seed: 1530322530630727124

6863 crabbyslav the Covert (level 11, -9/75 HPs)
             Began as an Octopode Wanderer on May 27, 2022.
             Was an Initiate of Gozag.
             Mangled by Amaemon the meliai
             ... wielding the +8 whip "Snakebite" {venom, curare, rPois}
              (16 damage)
             ... on level 10 of the Dungeon.
             The game lasted 00:12:41 (9266 turns).

crabbyslav the Covert (Octopode Wanderer)           Turns: 9266, Time: 00:12:42

Health: -9/75      AC:  1    Str: 16    XL:     11   Next: 6%
Magic:  21/21      EV: 16    Int: 13    God:    Gozag
Gold:   546        SH:  3    Dex: 13    Spells: 12/12 levels left

rFire   . . .      SeeInvis .   u - +3 trident (vorpal)
rCold   . . .      Faith    .   H - +0 buckler
rNeg    . . .      Spirit   .   c - +0 hat
rPois   +          Reflect  .   n - amulet of regeneration
rElec   .          Harm     .   f - ring of poison resistance
rCorr   .          Rampage  .   E - ring of magical power
Will    .....                   (no ring)
Stlth   +++++.....              (no ring)
HPRegen 1.02/turn               (no ring)
MPRegen 0.17/turn               (no ring)
                                (no ring)
                                (no ring)

@: lethally poisoned (-9 -> -13), slowed, very slow
A: almost no armour, amphibious, 8 rings, camouflage 1, gelatinous body 1,
(nimble swimmer 1), tentacles
a: Renounce Religion, Potion Petition, Call Merchant, Bribe Branch


You were on level 10 of the Dungeon.
You worshipped Gozag.
Gozag was pleased with you.
You visited 2 branches of the dungeon, and saw 11 of its levels.

You collected 1132 gold pieces.
You paid 586 gold pieces to Gozag.

Inventory:

Hand Weapons
 u - a +3 vorpal trident (weapon)
 y - a +0 war axe
 C - a +0 hand axe of flaming
 G - a +3 trident
 M - a +4 trident
Missiles
 b - 4 throwing nets (quivered)
 v - a curare-tipped dart
Armour
 c - a +0 hat (worn)
 H - a +0 buckler (worn)
Jewellery
 f - a ring of poison resistance (left tentacle)
 n - an amulet of regeneration (around mantle)
 E - a ring of magical power (right tentacle)
Wands
 t - a wand of iceblast (4)
 z - a wand of polymorph (6)
Scrolls
 a - 2 scrolls of blinking
 d - 3 scrolls of fog
 j - 3 scrolls of teleportation
 o - 2 scrolls of vulnerability
 s - 2 scrolls of noise
 x - a scroll of immolation
 D - a scroll of enchant weapon
 F - a scroll of amnesia
 I - 2 scrolls of magic mapping
Potions
 e - 3 potions of mutation
 g - 3 potions of magic
 h - 6 potions of heal wounds
 i - a potion of might
 k - a potion of attraction
 l - 2 potions of ambrosia
 m - 2 potions of invisibility
 p - 2 potions of haste {unknown}
 r - 2 potions of curing
 A - a potion of lignification {unknown}
 B - a potion of resistance {unknown}
 K - a potion of degeneration {unknown}
 L - a potion of cancellation {unknown}


   Skills:
 + Level 7.0 Fighting
 - Level 3.9(7.1) Axes
 * Level 9.3(9.7) Polearms
 + Level 8.6 Dodging
 + Level 10.0 Stealth
 - Level 1.0 Spellcasting
 - Level 6.0 Evocations


You had 12 spell levels left.
You didn't know any spells.
Your spell library contained the following spells:

 Spells                   Type           Power      Damage    Failure   Level
 Sandblast                Erth           0%         2d4       36%         1
 Lee's Rapid Deconstruct  Erth           0%         3d5*      100%        5
 Shatter                  Erth           0%         3d5*      100%        9
 Animate Armour           Summ/Erth      Unusable   N/A       N/A         4

Dungeon Overview and Level Annotations

Branches:
Dungeon (10/15)            Temple (1/1) D:7            Lair (0/6) D:8
    Orc: D:9-12

Altars:
Dithmenos
Gozag
Hepliaklqana
Qazlal
Trog

Shops:
D:5 (

Annotations:
D:10 Amaemon


Innate Abilities, Weirdness & Mutations

You cannot wear most types of armour.
You are amphibious.
You can wear up to eight rings at the same time.
Your skin changes colour to match your surroundings (Stealth+).
Your rubbery body absorbs attacks. (AC +1, EV +1)
((You are camouflaged when in or above water. (Stealth+)))
You have tentacles for arms and can constrict up to eight enemies at once.


Message History

No target in view!
No target in view!
No target in view!
No target in view!
You now have 546 gold pieces (gained 8).
Okay, then.
Aiming: Polymorph
Press: ? - help, Shift-Dir - straight line, f - Amaemon
Aim: Amaemon, wielding the +8 whip "Snakebite" {venom, curare, rPois} (asleep, will become a meliai, an efreet, or a swamp worm, chance to affect: 29%) Amaemon shouts!
Amaemon evaporates and reforms as a meliai!
Amaemon picks up the +8 whip "Snakebite" {venom, curare, rPois}.
Amaemon wields the +8 whip "Snakebite" {venom, curare, rPois}.
It begins to drip with poison!
You start waiting.
You hear the faint creaking of a distant portcullis.
Amaemon hits you with the +8 whip "Snakebite" {venom, curare, rPois}!!
You have difficulty breathing.
You feel yourself slow down. Amaemon stings you.
You are poisoned.
Amaemon poisons you!
Throw: 6 throwing nets
Press: ? - help, Q - select action, (/) - cycle Shift-Dir - straight line, f/p - Amaemon
Aim: Amaemon the meliai, wielding the +8 whip "Snakebite" {venom, curare, rPois} (46% to hit)
You throw a throwing net. The throwing net hits Amaemon.
Amaemon is caught in the net!
You feel extremely sick.
Amaemon struggles against the net. x3
The net rips apart, and Amaemon comes free!
Throw: 5 throwing nets
Press: ? - help, Q - select action, (/) - cycle Shift-Dir - straight line, f/p - Amaemon
Aim: Amaemon the meliai, wielding the +8 whip "Snakebite" {venom, curare, rPois} (46% to hit)
You throw a throwing net. The throwing net barely misses Amaemon.
You feel very sick. Amaemon misses you. Amaemon stings you!
Amaemon hits you with the +8 whip "Snakebite" {venom, curare, rPois}!!
* * * LOW HITPOINT WARNING * * *
You block Amaemon's attack.
Amaemon hits you with the +8 whip "Snakebite" {venom, curare, rPois}!
You die...
Your body crumbles into a pile of gold.

....... .......
...=...##### #####.
......>.... .§§..$
..........# .§§...
.........(########.§§§..
.......#y##.......#
.......@....#####.#
#######.....#<# #.#
############.....#.###.#
+..[.............#.....#
########...#.....#####.#
#...#........ ..#
#...####...###### +!..#
#...# #...# ....#


You could see Amaemon the meliai.

Vanquished Creatures
  A two-headed ogre (D:8)
  An orange demon (D:10)
  A snapping turtle (D:9)
  Sigmund (D:4)
  A shadow (D:9)
  A wyvern (D:9)
  4 yaks (D:8)
  3 steam dragons
  9 water moccasins
  2 orc warriors
  2 sky beasts
  2 ogres
  2 centaurs (D:7)
  5 kobold brigands
  2 bullfrogs (D:8)
  2 necrophages
  4 scorpions
  2 gnoll sergeants (D:7)
  7 wights
  7 killer bees (D:9)
  2 howler monkeys
  2 orc priests (D:7)
  7 hounds
  4 jellies
  5 iguanas
  8 orc wizards
  Ijyb (D:4)
  5 adders
  12 gnolls
  A white imp (D:8)
  3 worms
  28 orcs
  7 endoplasms
  5 giant cockroaches
  3 goblins (D:1)
  3 hobgoblins
  5 jackals
  6 quokkas
  4 ball pythons
  6 bats
  2 frilled lizards (D:2)
  35 kobolds
  9 rats
222 creatures vanquished.

Vanquished Creatures (others)
  33 fungi
  28 plants (D:8)
61 creatures vanquished.

Grand Total: 283 creatures vanquished

Notes
Turn   | Place    | Note
-------+----------+-------------------------------------------
     0 | D:1      | crabbyslav the Octopode Wanderer began the quest for the
                  | Orb.
     0 | D:1      | crabbyslav set off with the following items: a +0 hand axe,
                  | 3 throwing nets, a +0 hat, a scroll of fog, a potion of
                  | mutation
     0 | D:1      | Reached XP level 1. HP: 13/13 MP: 2/2
   329 | D:1      | Reached XP level 2. HP: 18/18 MP: 3/3
   516 | D:1      | Reached skill level 2 in Stealth
   893 | D:1      | Reached XP level 3. HP: 23/23 MP: 4/4
  1478 | D:2      | Found a faded altar of an unknown god.
  1807 | D:2      | Reached XP level 4. HP: 29/29 MP: 5/5
  2676 | D:3      | Reached skill level 3 in Stealth
  2864 | D:3      | Reached XP level 5. HP: 33/34 MP: 6/6
  3085 | D:3      | Found a bloodstained altar of Trog.
  3124 | D:3      | Got Cagiudgh's Reference Book on Earth
  3336 | D:3      | Found a hazy altar of Hepliaklqana.
  3386 | D:4      | Noticed a sky beast
  3698 | D:4      | Identified the +0 scale mail of the Trout {Dex+2 Stlth+}
  3755 | D:4      | Noticed Ijyb
  3774 | D:4      | Killed Ijyb
  3860 | D:4      | Killed a sky beast
  3861 | D:4      | Reached skill level 1 in Polearms
  3861 | D:4      | Reached skill level 4 in Stealth
  3861 | D:4      | Reached XP level 6. HP: 35/41 MP: 7/7
  3921 | D:4      | Noticed Sigmund
  3926 | D:4      | Killed Sigmund
  3927 | D:4      | Reached XP level 7. HP: 29/46 MP: 8/8
  4042 | D:5      | Entered Level 5 of the Dungeon
  4223 | D:5      | Reached skill level 5 in Stealth
  4242 | D:5      | Reached skill level 1 in Evocations
  4310 | D:5      | Found Fayk's Antique Weapon Shop.
  4848 | D:5      | Reached XP level 8. HP: 41/54 MP: 9/9
  5026 | D:6      | Reached skill level 6 in Stealth
  5138 | D:6      | Reached skill level 5 in Polearms
  5735 | D:7      | Reached XP level 9. HP: 48/59 MP: 10/10
  5761 | D:7      | Found a staircase to the Ecumenical Temple.
  5774 | Temple   | Entered the Ecumenical Temple
  5832 | Temple   | Became a worshipper of Gozag Ym Sagoz the Greedy
  5894 | D:7      | Reached skill level 7 in Stealth
  5898 | D:7      | Reached skill level 5 in Fighting
  6964 | D:8      | Reached skill level 8 in Stealth
  7017 | D:8      | Reached skill level 5 in Evocations
  7023 | D:8      | Found a staircase to the Lair.
  7030 | D:8      | Reached XP level 10. HP: 68/68 MP: 11/11
  7543 | D:8      | Noticed a two-headed ogre
  7694 | D:8      | Killed a two-headed ogre
  7695 | D:8      | Reached skill level 9 in Stealth
  8640 | D:9      | Noticed a two-headed ogre
  8645 | D:9      | a two-headed ogre changed into a snapping turtle
  9061 | D:9      | Reached XP level 11. HP: 38/74 MP: 12/12
  9213 | D:10     | Entered Level 10 of the Dungeon
  9232 | D:10     | Noticed Amaemon
  9252 | D:10     | Reached skill level 10 in Stealth
  9262 | D:10     | Noticed Amaemon
  9262 | D:10     | Amaemon changed into Amaemon the meliai
  9266 | D:10     | Mangled by Amaemon the meliai

Illustrated notes

Levels and vault maps discovered:
D:1:      lemuel_arrival_rhombus, layout_loops_ring, serial_forest,
          infiniplex_forest_straight_2, infiniplex_forest_zigzag_1,
          infiniplex_forest_lined_3_way, infiniplex_forest_clump_long,
          infiniplex_forest_lined_4_way, infiniplex_forest_straight_4,
          infiniplex_forest_3_way, infiniplex_forest_straight_1,
          minmay_pentomino_r4
D:2:      layout_basic, shapermc_ecumenical_altar_totnotflames
D:3:      layout_rooms, nicolae_hepliaklqana_hippocampus, general_overflow_altar
D:4:      layout_cave_pools, uniq_sigmund, uniq_ijyb
D:5:      layout_basic, serial_shops, shop_fountains, dreamdust_gnoll_farm
D:6:      layout_rooms, chequers_serial_rivers_micro_d,
          eino_small_chamber_without_monster, grunt_ministairs_7
D:7:      layout_loops_ring, minmay_temple_entry_trees
D:8:      layout_loops_ring, due_lair_maze_entry_diamond
D:9:      layout_gridville
D:10:     layout_basic, enter_bailey_8, lemuel_flame_loot_1, uniq_amaemon
Temple:   mainiacjoe_temple_big_plus

Skill      XL: |  1  2  3  4  5  6  7  8  9 10 11 |
---------------+----------------------------------+-----
Stealth        | 2 3 4 5 6 8 9 10 | 10.0
Axes           | 3 |  3.9
Fighting       | 2 3 4 5 6 7 |  7.0
Polearms       | 1 2 3 5 7 9 |  9.3
Dodging        | 6 7 8 |  8.6
Evocations     | 1 3 5 6 |  6.0
Spellcasting   | |  1.0

Action                   |  1- 3 |  4- 6 |  7- 9 | 10-12 || total
-------------------------+-------+-------+-------+-------++-------
Melee: Hand axe          |    84 |    94 |       |       ||   178
       Constrict         |    19 |    24 |    29 |    21 ||    93
       Tentacles         |    13 |    25 |    32 |    31 ||   101
       Punch             |     1 |       |     2 |     3 ||     6
       Trident           |       |     4 |   229 |   195 ||   428
Throw: Throwing net      |       |       |       |     4 ||     4
Invok: Potion Petition   |       |       |       |     1 ||     1
Evoke: Wand              |       |     7 |    17 |    12 ||    36
  Use: Scroll            |     4 |       |     4 |    10 ||    18
       Potion            |       |     1 |       |     1 ||     2
 Stab: Sleeping          |    16 |     8 |    12 |     8 ||    44
       Distracted        |       |       |     1 |     1 ||     2
Armor: Skin              |     4 |     7 |     6 |     6 ||    23
Dodge: Dodged            |    50 |    97 |   122 |   148 ||   417
Block: Buckler           |       |       |     7 |    31 ||    38

Table legend: (Time is in decaauts)
 A = Elapsed time spent in this place.
 B = Non-inter-level travel time spent in this place.
 C = Inter-level travel time spent in this place.
 D = Time resting spent in this place.
 E = Time spent auto-exploring this place.
 F = Levels seen in this place.
 G = Mean time per level.
                   A        B        C        D        E       F      G
               +--------+--------+--------+--------+--------+-----+--------+
         Total |   9264 |   8797 |    467 |   1948 |   5066 |  11 |  842.2 |
       Dungeon |   9155 |   8718 |    437 |   1930 |   5022 |  10 |  915.5 |
        Temple |    109 |     79 |     30 |     18 |     44 |   1 |  109.0 |
               +--------+--------+--------+--------+--------+-----+--------+

Top non-repeatable levels by time:
     D:2: 1312 daAuts
     D:1: 1307 daAuts
     D:7: 1216 daAuts
     D:9: 1123 daAuts
     D:8: 999 daAuts
     D:5: 954 daAuts
     D:3: 768 daAuts
     D:6: 740 daAuts
     D:4: 679 daAuts
  Temple: 109 daAuts
    D:10: 52 daAuts
